 Dungeon Crawl Stone Soup version 0.28-a0-895-g6e5f11bd55 (webtiles) character file.

Game seed: 7334140992173757242

3082 pokeman the Thaumaturge (level 9, -8/50 HPs)
             Began as a Deep Elf Hedge Wizard on Nov 22, 2021.
             Was a Follower of Vehumet.
             Succumbed to a kobold brigand's curare-tipped dart
             ... on level 8 of the Dungeon.
             The game lasted 00:18:31 (9335 turns).

pokeman the Thaumaturge (Deep Elf Hedge Wizard)     Turns: 9335, Time: 00:18:31

Health: -8/50      AC:  8    Str:  7    XL:     9   Next: 58%
Magic:  21/26      EV: 12    Int: 35    God:    Vehumet [*.....]
Gold:   315        SH:  0    Dex: 14    Spells: 19/31 levels left

rFire   . . .      SeeInvis .   u - +2 dagger (venom)
rCold   . . .      Faith    .   (no shield)
rNeg    . . .      Spirit   .   n - +0 leather armour
rPois   .          Reflect  .   C - +2 hat
rElec   .          Harm     .   e - +0 cloak
rCorr   .          Rampage  .   o - +0 pair of gloves
Will    .....                   m - +0 pair of boots
Stlth   ++........              (no amulet)
HPRegen 0.16/turn               D - +6 ring of intelligence
MPRegen 0.20/turn               r - +6 ring of intelligence

@: lethally poisoned (-8 -> -43), hasted and slowed
A: no striking features
a: Renounce Religion


You were on level 8 of the Dungeon.
You worshipped Vehumet.
Vehumet was aware of your devotion.
You visited 2 branches of the dungeon, and saw 9 of its levels.

You collected 315 gold pieces.

Inventory:

Hand Weapons
 u - a +2 dagger of venom (weapon)
 F - a +0 shortbow
Missiles
 d - 37 bolts
 j - 120 arrows
Armour
 e - a +0 cloak (worn)
 m - a +0 pair of boots (worn)
 n - a +0 leather armour (worn)
 o - a +0 pair of gloves (worn)
 B - a +0 kite shield
 C - a +2 hat (worn)
Jewellery
 i - a ring of positive energy
 r - a +6 ring of intelligence (right hand)
 D - a +6 ring of intelligence (left hand)
Wands
 t - a wand of polymorph (7)
 I - a wand of flame (16)
Scrolls
 a - a scroll of vulnerability {unknown}
 c - 3 scrolls of enchant weapon {unknown}
 f - 2 scrolls of teleportation {unknown}
 g - 2 scrolls of noise {unknown}
 l - 2 scrolls of blinking {unknown}
 p - 7 scrolls of identify {unknown}
 s - a scroll of silence {unknown}
 w - a scroll of fog {unknown}
 y - a scroll of magic mapping {unknown}
 A - a scroll of brand weapon {unknown}
Potions
 b - 2 potions of haste
 h - 3 potions of berserk rage {unknown}
 k - a potion of heal wounds {unknown}
 q - 4 potions of curing {unknown}
 v - a potion of magic {unknown}
 x - a potion of might {unknown}
 z - 2 potions of mutation {unknown}
 E - a potion of degeneration {unknown}
 G - a potion of resistance {unknown}
 H - a potion of attraction {unknown}


   Skills:
 - Level 3.0 Fighting
 + Level 2.0 Armour
 - Level 3.1 Dodging
 - Level 3.0 Stealth
 - Level 2.0 Shields
 * Level 11.9 Spellcasting
 + Level 6.5 Conjurations
 - Level 1.1 Summonings
 - Level 1.1 Translocations
 + Level 5.7 Fire Magic
 - Level 1.0 Air Magic
 - Level 1.2 Poison Magic
 - Level 1.3 Evocations


You had 19 spell levels left.
You knew the following spells:

 Your Spells              Type           Power      Damage    Failure   Level
a - Magic Dart            Conj           100%       1d8       1%          1
b - Mephitic Cloud        Conj/Pois/Air  41%        N/A       2%          3
c - Call Imp              Summ           28%        N/A       2%          2
d - Blink                 Tloc           56%        N/A       2%          2
e - Conjure Flame         Conj/Fire      59%        6-21      1%          3
f - Foxfire               Conj/Fire      100%       2x1d9     1%          1

Your spell library contained the following spells:

 Spells                   Type           Power      Damage    Failure   Level
 Slow                     Hex            80%        N/A       3%          1
 Ensorcelled Hibernation  Hex/Ice        40%        N/A       4%          2
 Passwall                 Tmut/Erth      16%        N/A       4%          2
 Gell's Gravitas          Tloc           28%        N/A       5%          3
 Lesser Beckoning         Tloc           28%        N/A       5%          3
 Teleport Other           Tloc           28%        N/A       5%          3
 Swiftness                Air            28%        N/A       6%          3
 Tukima's Dance           Hex            20%        N/A       9%          3


Dungeon Overview and Level Annotations

Branches:
Dungeon (8/15)             Temple (1/1) D:5
   Lair: D:8-11

Altars:
Ashenzari
Dithmenos
Fedhas
Gozag
Hepliaklqana
Okawaru
Qazlal
Sif Muna
Trog
Vehumet
Wu Jian
Xom
Yredelemnul
Zin

Shops:
D:3 [   D:6 [


Message History

You feel very sick.
The killer bee zombie is engulfed in blazing flames.
The killer bee zombie closely misses you.
The kobold brigand throws a curare-tipped dart.
The curare-tipped dart hits you.
You are lethally poisoned!
You have difficulty breathing.
You feel as though you will be slow longer.
The killer bee zombie is engulfed in blazing flames.
You destroy the killer bee zombie!
Vehumet accepts your kill.
A kobold comes into view. It is wielding a +0 short sword.
There is a stone staircase leading up here.
Casting: Conjure Flame (safe; 1% risk of failure)
Confirm with . or Enter, or press ? or * to list all spells.
Aiming: Mephitic Cloud (dangerous; 2% risk of failure)
Press: ? - help, Shift-Dir - straight line, f - kobold brigand
Aim: a kobold brigand, wielding a +0 scimitar and quivering curare-tipped darts (chance to affect: 77%)
The ball explodes into a vile cloud!
The stinking cloud engulfs the kobold brigand but does no damage.
The stinking cloud engulfs the kobold but does no damage.
The kobold shouts!
* * * LOW HITPOINT WARNING * * *
You feel extremely sick.
You hear a shout!
You hear an angry hiss.
The kobold is engulfed in noxious fumes.
The kobold appears confused.
The kobold brigand is engulfed in noxious fumes.
The kobold brigand throws a curare-tipped dart.
The curare-tipped dart hits you.
You are more poisoned.
You have difficulty breathing.
* * * LOW HITPOINT WARNING * * *
You feel as though you will be slow longer.
A kobold comes into view. It is wielding a +0 dagger.
The kobold is engulfed in noxious fumes.
The kobold appears confused.
Unknown command.
It was a potion of haste.
You feel yourself speed up.
You die...

. #.#.............≈≈≈≈..
..##.#............≈≈≈≈≈..
....................≈...)
#.........≈.............
#...............).......
#...#.>...........).....
#.............≈...)J..
##..§.......≈≈≈≈......
#...@.......≈.......#
#..................##
#.....#.............##
#...§.#.#...........##
#...☼K☼.#............#
#....☼. # #.. ..... .
≈≈...KK. .. .. .≈≈....K.
##


You could see a kobold brigand and 3 kobolds.

Vanquished Creatures
  A hornet (D:6)
  3 water moccasins (D:5)
  5 orc warriors
  A sky beast (D:6)
  A black bear (D:5)
  4 ice beasts
  A necrophage (D:7)
  3 centaurs
  A bullfrog (D:6)
  2 scorpions
  2 wyvern zombies
  2 water moccasin zombies
  An electric eel (D:8)
  A centaur zombie (D:5)
  3 orc priests
  A gnoll shaman (D:7)
  A hound (D:5)
  2 jellies
  2 centaur skeletons
  5 orc wizards
  A killer bee zombie (D:8)
  Robin (D:3)
  8 gnolls
  6 adders
  2 white imps (D:7)
  An adder skeleton (D:4)
  A worm (D:2)
  A dart slug (D:3)
  18 orcs
  8 ball pythons
  6 endoplasms
  2 giant cockroaches
  12 goblins
  8 hobgoblins
  7 jackals
  5 kobolds (D:1)
  7 bats
  2 frilled lizards
  9 rats
147 creatures vanquished.

Vanquished Creatures (collateral kills)
  A scorpion (D:4)
1 creature vanquished.

Vanquished Creatures (others)
  112 foxfires
  20 plants (D:8)
132 creatures vanquished.

Grand Total: 280 creatures vanquished

Notes
Turn   | Place    | Note
-------+----------+-------------------------------------------
     0 | D:1      | pokeman the Deep Elf Hedge Wizard began the quest for the
                  | Orb.
     0 | D:1      | Reached XP level 1. HP: 10/10 MP: 7/7
   447 | D:1      | Reached XP level 2. HP: 16/16 MP: 4/9
  1252 | D:1      | Found a faded altar of an unknown god.
  1408 | D:2      | Reached skill level 5 in Spellcasting
  1489 | D:1      | Reached XP level 3. HP: 9/20 MP: 2/11
  1493 | D:1      | Learned a level 3 spell: Mephitic Cloud
  1496 | D:1      | Learned a level 2 spell: Call Imp
  1499 | D:1      | Learned a level 2 spell: Blink
  1503 | D:1      | Learned a level 3 spell: Conjure Flame
  1951 | D:2      | Reached skill level 1 in Fighting
  2743 | D:2      | Reached skill level 1 in Armour
  3234 | D:3      | Noticed Robin
  3247 | D:3      | Killed Robin
  3248 | D:3      | Reached XP level 4. HP: 23/25 MP: 6/13
  3556 | D:3      | Found Qeoloef's Armour Shop.
  3620 | D:3      | Found a blossoming altar of Fedhas.
  3824 | D:4      | Noticed a scorpion
  3847 | D:4      | Killed a scorpion
  3848 | D:4      | Reached skill level 6 in Spellcasting
  3848 | D:4      | Reached skill level 1 in Fire Magic
  3848 | D:4      | Reached XP level 5. HP: 29/29 MP: 2/15
  4068 | D:4      | Reached skill level 1 in Air Magic
  4068 | D:4      | Reached XP level 6. HP: 29/34 MP: 7/17
  4947 | D:5      | Entered Level 5 of the Dungeon
  4952 | D:5      | Noticed a water moccasin
  4964 | D:5      | Killed a water moccasin
  4965 | D:5      | Reached skill level 7 in Spellcasting
  4965 | D:5      | Reached skill level 1 in Poison Magic
  4965 | D:5      | Reached skill level 1 in Evocations
  5211 | D:5      | Noticed a water moccasin
  5221 | D:5      | Killed a water moccasin
  5222 | D:5      | Reached XP level 7. HP: 31/38 MP: 16/20
  5553 | D:5      | Reached skill level 1 in Shields
  5555 | D:5      | Reached skill level 8 in Spellcasting
  6034 | D:5      | Reached XP level 8. HP: 43/43 MP: 13/22
  6082 | D:5      | Found a staircase to the Ecumenical Temple.
  6092 | Temple   | Entered the Ecumenical Temple
  6174 | Temple   | Became a worshipper of Vehumet
  6368 | D:5      | Found a shadowy altar of Dithmenos.
  6377 | D:5      | Found a glowing silver altar of Zin.
  6575 | D:6      | Reached skill level 9 in Spellcasting
  6667 | D:6      | Found Umyoh's Antique Armour Shoppe.
  6697 | D:6      | Noticed a hornet
  6719 | D:6      | Killed a hornet
  6830 | D:6      | Reached skill level 5 in Conjurations
  7062 | D:6      | Found a bloodstained altar of Trog.
  7091 | D:6      | Reached skill level 10 in Spellcasting
  7626 | D:6      | Found an opulent altar of Gozag.
  7992 | D:7      | Found a hazy altar of Hepliaklqana.
  8017 | D:7      | Reached XP level 9. HP: 42/48 MP: 18/25
  8294 | D:7      | Reached * piety under Vehumet
  8294 | D:7      | Offered knowledge of Foxfire by Vehumet.
  8297 | D:7      | Learned a level 1 spell: Foxfire
  8403 | D:7      | Reached skill level 11 in Spellcasting
  8403 | D:7      | Reached skill level 5 in Fire Magic
  9335 | D:8      | Succumbed to a kobold brigand's curare-tipped dart

Illustrated notes

Levels and vault maps discovered:
D:1:      psy_arrival_whirlpool, layout_basic,
          nicolae_ecumenical_snake_handling, st_stairs_3
D:2:      layout_loops_cross
D:3:      layout_basic, fedhas_altar_1, serial_shops, shop, serial_glass,
          glass_columns_b, glass_columns_a, uniq_robin
D:4:      layout_basic
D:5:      layout_rooms, mainiacjoe_overflow_swirl,
          minmay_temple_entry_water_ring
D:6:      layout_basic, mainiacjoe_overflow_cross_hatched,
          mainiacjoe_overflow_24_doors, serial_shops,
          nicolae_inconvenience_store, feat_on_display
D:7:      layout_basic, worldfamousw_hep_ancestral_shrine
D:8:      layout_basic, demons_altar, mainiacjoe_overflow_surrounded_room,
          david_lair_shrubbed, serial_co_window_serial, co_window_corner_a,
          co_window_paths_a, co_window_paths_a, co_window_of_opportunity_a,
          co_window_corner_a, co_window_of_opportunity_a, co_window_paths_a,
          co_window_broadway_c, co_window_broadway_a, co_window_corner_b,
          co_window_of_opportunity_b, glass_columns_b, uniq_joseph, uniq_psyche,
          uniq_maurice, uniq_maggie
Temple:   oiseaux_autumnal_temple

Skill      XL: |  1  2  3  4  5  6  7  8  9 |
---------------+----------------------------+-----
Spellcasting   | 5 6 7 8 10 11 | 11.9
Fighting       | 1 3 |  3.0
Armour         | 1 2 |  2.0
Conjurations   | 2 3 4 5 6 |  6.5
Dodging        | 3 |  3.1
Fire Magic     | 1 2 3 4 5 |  5.7
Stealth        | 3 |  3.0
Air Magic      | 1 |  1.0
Poison Magic   | 1 |  1.2
Evocations     | 1 |  1.3
Shields        | 1 2 |  2.0
Summonings     | |  1.1
Translocations | |  1.1

Action                   |  1- 3 |  4- 6 |  7- 9 || total
-------------------------+-------+-------+-------++-------
Melee: Dagger            |    14 |    16 |    48 ||    78
       Mace              |     8 |     2 |       ||    10
 Cast: Magic Dart        |   122 |    58 |    86 ||   266
       Conjure Flame     |     3 |     6 |    18 ||    27
       Mephitic Cloud    |     2 |     5 |    21 ||    28
       Blink             |       |       |     1 ||     1
       Call Imp          |       |       |     1 ||     1
       Foxfire           |       |       |    59 ||    59
  Use: Potion            |       |       |     1 ||     1
 Stab: Confused          |       |     1 |     3 ||     4
Armor: Robe              |    27 |       |       ||    27
       Leather armour    |     2 |     4 |     8 ||    14
Dodge: Dodged            |    44 |    19 |    28 ||    91

Table legend: (Time is in decaauts)
 A = Elapsed time spent in this place.
 B = Non-inter-level travel time spent in this place.
 C = Inter-level travel time spent in this place.
 D = Time resting spent in this place.
 E = Time spent auto-exploring this place.
 F = Levels seen in this place.
 G = Mean time per level.
                   A        B        C        D        E       F      G
               +--------+--------+--------+--------+--------+-----+--------+
         Total |   9346 |   9139 |    207 |   1256 |   6572 |   9 | 1038.4 |
       Dungeon |   9235 |   9055 |    180 |   1256 |   6502 |   8 | 1154.4 |
        Temple |    110 |     83 |     27 |      0 |     70 |   1 |  110.0 |
               +--------+--------+--------+--------+--------+-----+--------+

Top non-repeatable levels by time:
     D:1: 2028 daAuts
     D:6: 1548 daAuts
     D:5: 1340 daAuts
     D:7: 1304 daAuts
     D:4: 1070 daAuts
     D:2: 943 daAuts
     D:3: 911 daAuts
  Temple: 110 daAuts
     D:8: 88 daAuts
